Map: Ruins of Seras

Players

SalladKing - Winner!

  • Race: Zerg Zerg
  • League: Platinum

Grumm

  • Race: Protoss Protoss
  • League: Gold

VOD

Have the link to the VOD?

Description

Time

  • Played on: Jan. 3, 2016, 5:14 p.m.
  • Length: 15:32
Show
View Real Time Build Order
Export as new Build Order

SalladKing Zerg - Winner!

Build Orders: Pool First, Lurkers, Ravager All-In 

Get SALT Encoding   

  12  0:01  Drone  
  13  0:12  Overlord  
  13  0:18  Drone  
  14  0:31  Drone x2  
  14  0:35  Drone  
  17  0:46  Spawning Pool  
  17  0:49  Drone  
  17  1:14  Hatchery  
  17  1:17  Drone x2  
  18  1:21  Extractor  
  17  1:27  Drone  
  18  1:35  Queen  
  20  1:44  Zergling x2  
  20  1:45  Overlord  
  21  1:51  Drone  
  22  2:10  Drone, Queen  
  25  2:20  Metabolic Boost  
  25  2:22  Zergling x2  
  26  2:26  Queen  
  28  2:36  Drone x3  
  31  2:46  Queen  
  33  2:56  Drone x2  
  33  2:57  Drone  
  36  3:01  Extractor  
  35  3:31  Drone  
  35  3:32  Overlord x3  
  35  3:33  Overlord  
  36  3:34  Lair  
  36  3:39  Roach Warren  
  35  3:52  Drone x4  
  39  4:10  Drone x2  
  39  4:11  Drone x4  
  45  4:17  Extractor  
  44  4:35  Roach  
  44  4:36  Roach x4  
  54  4:44  Glial Reconstitution  
  54  4:52  Hatchery  
  53  4:58  Ravager x5  
  58  5:13  Drone  
  58  5:14  Drone x6  
  65  5:21  Pneumatized Carapace  
  64  5:26  Overlord  
  64  5:27  Evolution Chamber  
  63  5:29  Evolution Chamber  
  62  5:45  Overseer  
  62  5:49  Roach x5  
  74  5:50  Roach  
  74  5:53  Zerg Ground Armor Level 1  
  74  5:56  Drone  
  74  5:57  Drone, Extractor  
  74  5:59  Overlord  
  75  6:20  Queen  
  75  6:23  Zerg Missile Weapons Level 1  
  77  6:26  Drone x4  
  77  6:27  Drone x7  
  88  6:37  Overseer  
  88  6:51  Hydralisk Den  
  88  6:52  Drone  
  88  6:53  Drone  
  85  7:39  Overlord x8  
  85  7:41  Spore Crawler  
  81  7:45  Spore Crawler  
  81  7:46  Spore Crawler x3  
  81  7:47  Spore Crawler  
  81  7:48  Spore Crawler, Muscular Augments  
  81  7:49  Zerg Ground Armor Level 2  
  81  7:50  Spore Crawler  
  74  7:52  Drone  
  74  7:53  Drone x6  
  81  8:02  Overseer  
  81  8:03  Hydralisk x4  
  89  8:17  Infestation Pit  
  88  8:20  Spore Crawler x2  
  88  8:21  Spore Crawler  
  88  8:23  Hydralisk x3  
  88  8:24  Spore Crawler  
  89  8:45  Hydralisk x2  
  89  8:46  Hydralisk x3, Roach  
  89  8:47  Roach x2  
  103  9:12  Hydralisk x4, Roach x3  
  103  9:13  Roach x2  
  121  9:22  Hive  
  121  9:24  Zerg Missile Weapons Level 2  
  121  9:26  Drone  
  121  9:27  Drone  
  123  9:31  Extractor  
  86  10:25  Overseer x4  
  86  10:27  Hydralisk x3, Roach x3  
  86  10:28  Hydralisk x3, Roach x4  
  92  10:29  Hydralisk, Roach x3  
  106  10:37  Drone  
  106  10:38  Drone x3  
  106  10:40  Lurker Den  
  110  11:21  Drone x2  
  110  11:22  Drone x5  
  110  11:23  Drone x2  
  110  11:25  Drone x3  
  122  11:29  Extractor  
  122  11:31  Zerg Ground Armor Level 3  
  122  11:32  Hatchery  
  120  11:35  Ultralisk Cavern, Viper  
  122  12:07  Zergling x2  
  122  12:08  Zergling x14  
  128  12:09  Zergling x2  
  131  12:25  Roach x2  
  131  12:26  Roach  
  131  12:27  Overlord x3  
  103  12:46  Hydralisk x3, Roach x4  
  103  12:47  Roach x4  
  122  13:07  Hydralisk x3  
  122  13:08  Hydralisk  
  122  13:09  Roach x2  
  122  13:12  Lurker  
  135  13:15  Overlord x3  
  135  13:33  Queen  
  137  13:50  Lurker  
  137  13:51  Lurker x3  
  137  13:52  Hydralisk x4, Roach x3  
  137  13:53  Roach x2  
  159  13:56  Chitinous Plating  
  159  13:57  Overlord x4  
  159  13:58  Overlord  
  159  14:02  Extractor  
  158  14:07  Extractor  
  157  14:21  Hatchery  
  156  14:27  Overseer  
  156  14:29  Overseer x4  
  155  15:09  Roach x5  
Show
View Real Time Build Order
Export as new Build Order

Grumm Protoss 

Build Orders: Nexus First 

Get SALT Encoding   

  12  0:01  Probe (Chrono Boost)  
  13  0:11  Probe (Chrono Boost)  
  14  0:25  Pylon  
  14  0:52  Nexus  
  14  1:06  Gateway  
  14  1:10  Probe (Chrono Boost)  
  15  1:27  Forge, Probe (Chrono Boost)  
  16  1:38  Pylon  
  16  1:40  Probe (Chrono Boost)  
  17  1:50  Gateway  
  17  2:00  Gateway  
  17  2:05  Probe (Chrono Boost)  
  17  2:06  Probe (Chrono Boost)  
  19  2:15  Photon Cannon  
  19  2:22  Zealot  
  21  2:29  Assimilator  
  21  2:34  Assimilator  
  21  2:35  Probe (Chrono Boost)  
  22  2:52  Cybernetics Core  
  22  2:56  Probe (Chrono Boost)  
  22  2:57  Probe (Chrono Boost)  
  26  2:58  Zealot  
  26  3:07  Probe (Chrono Boost)  
  26  3:08  Probe (Chrono Boost)  
  28  3:17  Probe (Chrono Boost)  
  29  3:21  Probe (Chrono Boost)  
  29  3:25  Assimilator  
  30  3:28  Adept, Probe (Chrono Boost)  
  30  3:31  Probe (Chrono Boost)  
  34  3:35  Adept  
  34  3:39  Probe (Chrono Boost)  
  37  3:45  Pylon  
  37  4:00  Probe (Chrono Boost)  
  37  4:01  Warp Gate (Chrono Boost)  
  38  4:06  Stalker x2  
  38  4:08  Zealot  
  44  4:19  Protoss Ground Weapons Level 1  
  44  4:23  Pylon  
  42  4:37  Twilight Council, Probe  
  42  4:38  Probe  
  44  4:50  Stargate, Probe  
  45  4:57  Stargate  
  45  4:59  Pylon  
  45  5:05  Pylon  
  45  5:09  Pylon  
  45  5:13  Assimilator  
  45  5:14  Probe  
  46  5:28  Dark Shrine  
  46  5:35  Phoenix  
  48  5:42  Photon Cannon  
  48  5:48  Photon Cannon  
  49  5:50  Probe x2  
  50  6:02  Probe x2  
  52  6:06  Phoenix  
  54  6:12  Phoenix, Protoss Shields Level 1  
  54  6:14  Probe x2  
  58  6:25  Protoss Air Weapons Level 1 (Chrono Boost)  
  58  6:49  Void Ray x2 (Chrono Boost)  
  66  6:58  Stalker x2  
  52  7:25  Dark Templar x2  
  54  7:35  Dark Templar  
  56  7:41  Probe  
  57  7:47  Probe  
  58  7:53  Probe  
  59  7:59  Zealot x2  
  63  8:06  Nexus  
  63  8:09  Pylon  
  63  8:11  Pylon x2  
  63  8:18  Pylon  
  63  8:25  Assimilator  
  63  8:30  Assimilator  
  63  8:43  Gateway x2  
  63  8:46  Gateway  
  63  8:48  Gateway  
  63  8:51  Gateway  
  41  9:20  Void Ray x2 (Chrono Boost)  
  41  9:22  Stalker x3  
  54  9:44  Dark Templar x3  
  54  9:45  Dark Templar x2  
  64  9:47  Zealot  
  64  9:49  Archon x2  
  36  10:10  Dark Templar x2  
  36  10:13  Probe  
  35  10:15  Probe x2  
  35  10:19  Zealot  
  36  10:22  Dark Templar  
  36  10:27  Probe x2  
  34  10:41  Pylon  
  34  10:47  Pylon  
  34  10:51  Pylon  
  34  11:01  Archon x2  
  34  11:11  Cybernetics Core, Zealot x3  
  34  11:16  Dark Templar  
  42  11:22  Probe  
  42  11:23  Probe  
  44  11:30  Dark Templar  
  46  11:44  Probe  
  46  11:45  Probe x2  
  49  11:57  Probe  
  50  12:04  Zealot x2  
  50  12:05  Zealot  
  50  12:07  Sentry  
  55  12:11  Sentry  
  55  12:13  Sentry  
  59  12:15  Sentry  
  61  12:23  Zealot  
  61  12:25  Zealot  
  49  12:58  Zealot x3  
  55  13:07  Nexus  
  55  13:11  Pylon  
  55  13:17  Stalker x2  
  59  13:24  Probe  
  59  13:25  Probe  
  61  13:37  Probe x2  
  63  13:41  Dark Templar  
  65  13:49  Probe x2, Protoss Ground Armor Level 1 (Chrono Boost)  
  67  14:10  Zealot  
  67  14:11  Zealot x2  
  73  14:33  Dark Templar  
  75  14:43  Photon Cannon  
  75  14:48  Pylon  
  75  14:50  Assimilator  
  47  15:07  Dark Templar  
  47  15:08  Dark Templar  
  43  15:24  Zealot x3  
  43  15:25  Zealot  
Tags
 
Add a new tag
Caveats
  • Supply blocks, unpowered buildings, or Contaminate may cause inaccurate times.
  • Supply counts are checked every 10 seconds.